 Dungeon Crawl Stone Soup version 0.25.0-11-g1f837a76a1 (webtiles) character file.

Game seed: 812837618935071089

434 Acheron the Skirmisher (level 7, 0/43 HPs)
             Began as a Gargoyle Abyssal Knight on June 27, 2020.
             Was a Believer of Lugonu.
             Slain by a shadow imp (2 damage)
             ... on level 7 of the Dungeon.
             The game lasted 00:16:13 (4654 turns).

Acheron the Skirmisher (Gargoyle Abyssal Knight)    Turns: 4654, Time: 00:16:14

Health: 0/43       AC: 14    Str: 15    XL:     7   Next: 0%
Magic:  9/9        EV: 10    Int: 13    God:    Lugonu [**....]
Gold:   273        SH:  0    Dex: 11    Spells: 8/8 levels left

rFire    . . .     SeeInvis .   a - +1 mace
rCold    . . .     Gourm    .   (no shield)
rNeg     + . .     Faith    .   q - +0 scale mail
rPois    ∞         Spirit   .   (no helmet)
rElec    +         Reflect  .   (no cloak)
rCorr    .         Harm     .   m - +0 pair of gloves
MR       .....                  d - +0 pair of boots
Stlth    +.........             (no amulet)
HPRegen  0.14/turn              (no ring)
MPRegen  0.11/turn              (no ring)

@: no status effects
A: negative energy resistance 1, electricity resistance, unbreathing,
petrification resistance, rot immunity, AC +4
a: Depart the Abyss, Bend Space, Renounce Religion


You were on level 7 of the Dungeon.
You worshipped Lugonu.
Lugonu was pleased with you.
You were hungry.

You visited 1 branch of the dungeon, and saw 8 of its levels.
You visited the Abyss 1 time.

You collected 273 gold pieces.

Inventory:

Hand Weapons
 a - a +1 mace (weapon)
 f - a +0 rapier
 g - a +0 hand axe of draining
 j - a +1 dagger of venom
 r - a +0 hunting sling
 s - a +0 hand axe
Missiles
 e - 158 stones
 k - 24 poisoned darts
 l - 9 boomerangs (quivered)
Armour
 d - a +0 pair of boots (worn)
 m - a +0 pair of gloves (worn)
 q - a +0 scale mail (worn)
Wands
 u - a wand of clouds (3)
Potions
 b - 2 potions of stabbing
 h - a potion of berserk rage
 i - a potion of curing
 n - a potion of flight {unknown}
 o - a potion of brilliance {unknown}
 t - 2 potions of cancellation
 v - a potion of heal wounds {unknown}
 w - a potion of degeneration {unknown}
Comestibles
 c - 14 rations


   Skills:
 * Level 4.0 Fighting
 + Level 3.5 Maces & Flails
 * Level 1.6 Throwing
 * Level 4.0 Armour
 * Level 1.8 Dodging
 * Level 2.4 Stealth
 * Level 1.4 Spellcasting
 * Level 2.9 Invocations
 * Level 0.5 Evocations


You had 8 spell levels left.
You didn't know any spells.
Your spell library contained the following spells:

 Spells                   Type           Power        Failure   Level  Hunger
 Animate Skeleton         Necr           N/A          69%         1    ##.....
 Apportation              Tloc           #.....       69%         1    ##.....
 Corona                   Hex            #......      69%         1    ##.....
 Summon Small Mammal      Summ           #...         69%         1    ##.....


Dungeon Overview and Level Annotations

Branches:
Dungeon (8/15)
 Temple: D:4-7         Lair: D:8-11

Altars:
Cheibriados
Gozag
Kikubaaqudgha

Annotations:
D:3 exclusion: downstairs


Innate Abilities, Weirdness & Mutations

You are resistant to torment.
Your stone body is resilient. (AC +4)
You are immune to poison.
You resist negative energy. (rN+)
You are resistant to electric shocks. (rElec)
You can survive without breathing.
You are immune to petrification.
You are immune to rotting.


Message History

The shadow imp hits you.
* * * LOW HITPOINT WARNING * * *
You hit the shadow imp.
The shadow imp is lightly wounded.
The shadow imp hits you.
* * * LOW HITPOINT WARNING * * *
The shadow imp hits you.
* * * LOW HITPOINT WARNING * * *
You hit the shadow imp but do no damage.
The shadow imp is lightly wounded.
The shadow imp gestures at you. Pain shoots through your body!
* * * LOW HITPOINT WARNING * * *
You sock the shadow imp!
The shadow imp is almost dead.
The shadow imp barely misses you.
You closely miss the shadow imp.
The shadow imp is almost dead.
The shadow imp hits you.
You die...

###########
#...5@....#
#.........#
#..%......#
#.........#
#..........#
............#
#...........#
#.#.........#


You could see a shadow imp.

Vanquished Creatures
  A bullfrog (D:8)
  A big kobold (D:8)
  A bullfrog zombie (D:7)
  An orc priest (D:4)
  A hound (D:4)
  2 orc wizards
  An iguana (D:4)
  4 adders
  An ooze (D:4)
  An adder skeleton (D:7)
  3 worms
  2 dart slugs
  A leopard gecko (D:2)
  10 orcs
  7 bats
  2 giant cockroaches (D:3)
  10 goblins
  5 hobgoblins
  3 jackals (D:4)
  3 kobolds
  A quokka (D:3)
  A ball python (D:3)
  A frilled lizard (D:3)
  2 leopard gecko skeletons
  5 rats
70 creatures vanquished.

Vanquished Creatures (others)
  A leopard gecko zombie (D:7)
1 creature vanquished.

Grand Total: 71 creatures vanquished

Notes
Turn   | Place    | Note
-------+----------+-------------------------------------------
     0 | Abyss:1  | Acheron the Gargoyle Abyssal Knight began the quest for the
                  | Orb.
     0 | Abyss:1  | Reached XP level 1. HP: 14/14 MP: 2/2
    37 | D:1      | Escaped the Abyss
   648 | D:2      | Reached XP level 2. HP: 17/19 MP: 3/3
   824 | D:2      | Found a faded altar of an unknown god.
  1187 | D:2      | Reached skill level 1 in Dodging
  1187 | D:2      | Reached XP level 3. HP: 14/23 MP: 4/4
  1656 | D:2      | Reached skill level 1 in Stealth
  2343 | D:3      | Found an opulent altar of Gozag.
  2352 | D:3      | Reached ** piety under Lugonu
  2377 | D:3      | Reached XP level 4. HP: 28/28 MP: 5/5
  2491 | D:3      | Found an ancient bone altar of Kikubaaqudgha.
  2494 | D:3      | Found a snail-covered altar of Cheibriados.
  2842 | D:2      | Reached skill level 1 in Throwing
  3223 | D:3      | Noticed an ogre
  3361 | D:4      | Reached XP level 5. HP: 33/33 MP: 6/6
  3364 | D:5      | Entered Level 5 of the Dungeon
  3365 | D:5      | Noticed an ogre
  3727 | D:4      | Reached skill level 1 in Spellcasting
  3930 | D:4      | Reached XP level 6. HP: 26/38 MP: 6/8
  4609 | D:8      | Noticed an orc warrior
  4616 | D:8      | Reached XP level 7. HP: 25/43 MP: 9/9
  4641 | D:7      | Noticed an orc sorcerer
  4652 | D:7      | HP: 1/43 [shadow imp/nerve-wracking pain (4)]
  4654 | D:7      | Slain by a shadow imp

Illustrated notes

Levels and vault maps discovered:
D:1:      minmay_arrival_shattered_statue, layout_loops_cross,
          serial_park_tiny_1
D:2:      minmay_inner_zag, layout_basic, first_ration,
          chequers_ecumenical_altar_simple_redux
D:3:      layout_loops_corners, old_standard_altar, minitemple,
          grunt_ministairs_8, chequers_garden, minmay_ogre_servants
D:4:      layout_basic, roderic_serpentine_path
D:5:      layout_rooms, kennysheep_mini_moat, serial_shops, shop,
          minmay_door_square, nicolae_dithmenos_shadow_blocks
D:6:      layout_gridville, minmay_temple_entry_poolview,
          hellmonk_ghost_happy_afterlife, uniq_duvessa
D:7:      cheibrodos_wizards_tower, layout_rooms, grunt_livestock,
          kennysheep_generic_room_14
D:8:      layout_basic, gup_ossuary_entry_pyramid, minmay_misc_feat_tower,
          fedhas_altar_3, uniq_harold, uniq_psyche, uniq_joseph

Skill      XL: |  1  2  3  4  5  6 |
---------------+-------------------+-----
Dodging        | 1 |  1.8
Stealth        | 1 2 |  2.4
Armour         | 3 4 |  4.0
Throwing       | 1 |  1.6
Spellcasting   | 1 |  1.4
Maces & Flails | 3 |  3.5
Fighting       | 4 |  4.0
Invocations    | |  2.9
Evocations     | |  0.5

Action                   |  1- 3 |  4- 6 |  7- 9 || total
-------------------------+-------+-------+-------++-------
Melee: Mace              |   118 |   200 |    14 ||   332
Throw: Dart              |       |     3 |       ||     3
       Boomerang         |       |     1 |       ||     1
Invok: Bend Space        |       |       |     1 ||     1
  Use: Scroll            |     7 |     3 |     2 ||    12
  Eat: Ration            |     2 |       |       ||     2
       Chunk             |       |     5 |       ||     5
Armor: Leather armour    |    21 |       |       ||    21
       Scale mail        |    56 |   168 |    15 ||   239
Dodge: Dodged            |    73 |   137 |    18 ||   228
